 Dungeon Crawl Stone Soup version 0.23.2-40-g277498a001 (webtiles) character file.

Game seed: 12419813792974032725

887 FishyPogo the Firebug (level 8, -2/62 HPs)
             Began as a Naga Fire Elementalist on Aug 14, 2019.
             Was an Initiate of Makhleb.
             Slain by an orc warrior
             ... wielding a +4 mace
              (11 damage)
             ... on level 6 of the Dungeon.
             The game lasted 00:20:22 (4201 turns).

FishyPogo the Firebug (Naga Fire Elementalist)      Turns: 4201, Time: 00:20:22

Health: -2/62      AC:  6    Str: 16    XL:     8   Next: 5%
Magic:  7/13       EV: 11    Int: 18    God:    Makhleb [......]
Gold:   152        SH:  0    Dex: 11    Spells: 7/14 levels left

rFire    + . .     SeeInvis +   a - +2 dagger (speed)
rCold    . . .     Gourm    .   (no shield)
rNeg     . . .     Faith    .   h - +0 robe
rPois    +         Spirit   .   n - +0 helmet
rElec    .         Reflect  .   u - +1 cloak
rCorr    .         Harm     .   (no gloves)
MR       +....                  (no barding)
Stlth    ++........             (no amulet)
HPRegen  0.20/turn              w - ring of protection from fire
MPRegen  0.13/turn              (no ring)

@: mighty, short of breath, very slow
A: large, see invisible, deformed body, poison resistance, slowness 2, slow
metabolism 1, spit poison 1, AC +2
a: Spit Poison, Renounce Religion


You were on level 6 of the Dungeon.
You worshipped Makhleb.
Makhleb was noncommittal.
You were not hungry.

You visited 1 branch of the dungeon, and saw 6 of its levels.

You collected 152 gold pieces.

Inventory:

Hand Weapons
 a - a +2 dagger of speed (weapon)
 j - a +0 long sword
Missiles
 d - 177 stones (quivered)
Armour
 h - a +0 robe (worn)
 m - a +0 shield
 n - a +0 helmet (worn)
 u - a +1 cloak (worn)
Jewellery
 w - a ring of protection from fire (left hand)
Wands
 s - a wand of digging (2)
 t - a wand of enslavement (4)
 x - a wand of random effects (25)
Scrolls
 e - 4 scrolls of amnesia {unknown}
 i - 3 scrolls of remove curse {unknown}
 l - 3 scrolls of identify {unknown}
 o - 4 scrolls of teleportation {unknown}
 q - 2 scrolls of blinking {unknown}
 r - a scroll of immolation {unknown}
Potions
 b - a potion of berserk rage {unknown}
 f - 2 potions of might
 g - a potion of resistance {unknown}
 k - a potion of heal wounds
 p - a potion of magic {unknown}
 v - a potion of ambrosia {unknown}
 z - a potion of brilliance {unknown}
Comestibles
 c - 9 rations


   Skills:
 + Level 3.3 Dodging
 - Level 3.0 Stealth
 + Level 3.6 Spellcasting
 * Level 5.1 Conjurations
 * Level 6.0 Fire Magic


You had 7 spell levels left.
You knew the following spells:

 Your Spells              Type           Power        Failure   Level  Hunger
a - Flame Tongue          Conj/Fire      ###..        1%          1    None
b - Throw Flame           Conj/Fire      ###...       2%          2    ##.....
c - Magic Dart            Conj           ###.         1%          1    None
d - Conjure Flame         Conj/Fire      ###.....     4%          3    ###....

Your spell library contained the following spells:

 Spells                   Type           Power        Failure   Level  Hunger
 Inner Flame              Hex/Fire       ##......     14%         3    ###....
 Sticky Flame             Conj/Fire      ###.....     16%         4    ####...
 Mephitic Cloud           Conj/Pois/Air  #.......     22%         3    ###....
 Blink                    Tloc           N/A          24%         2    ##.....
 Call Imp                 Summ           #.......     24%         2    ##.....
 Slow                     Hex            #.......     24%         2    ##.....
 Fireball                 Conj/Fire      ###.......   41%         5    ######.


Dungeon Overview and Level Annotations

Branches:
Dungeon (6/15)             Temple (0/1) D:5

Altars:
Elyvilon
Fedhas
Gozag
Kikubaaqudgha
Makhleb
Nemelex Xobeh
Trog

Shops:
D:2 *   D:4 =


Innate Abilities, Weirdness & Mutations

You cannot wear boots.
Your serpentine skin is tough. (AC +2)
You have supernaturally acute eyesight. (SInv)
Armour fits poorly on your strangely shaped body.
Your system is resistant to poisons. (rPois)
You cover ground very slowly.
You have a slow metabolism.
You can spit poison.


Message History

Press: ? - help, Shift-Dir - straight line, f/p - orc warrior
Aim: an orc warrior, wielding a +4 mace and wearing a +0 chain mail (moderately wounded)
The flame tongue hits the orc warrior!
The orc warrior is severely wounded.
The orc warrior hits you with a +4 mace.
* * * LOW HITPOINT WARNING * * *
It was a potion of heal wounds.
You feel much better.
The orc warrior hits you with a +4 mace!
* * * LOW HITPOINT WARNING * * *
Casting: Flame Tongue (safe; 1% risk of failure)
Confirm with . or Enter, or press ? or * to list all spells.
Aiming: Flame Tongue (safe; 1% risk of failure)
Press: ? - help, Shift-Dir - straight line, f/p - orc warrior
Aim: an orc warrior, wielding a +4 mace and wearing a +0 chain mail (severely wounded)
The flame tongue hits the orc warrior but does no damage.
The orc warrior is severely wounded.
It was a potion of might.
You feel very mighty all of a sudden.
The orc warrior hits you with a +4 mace!
You die...

.............#.#........#
......(.......#.#........#
...............#.#.......)#.
.........?.....#.#.#........
...............#.#.#.#......
.............#+#.#.#<#......
.................#.#.###....
#........#......#.#.. ....
#........#@.....#.#.## ....
#.......)o........#.# ..#.
#.....)####.........# $
...........+.........#
##.#†..#.o.#.........# #
#....).............#
.............###....+
....!.........# #....#
.....##........# ....#


You could see an orc warrior.

Vanquished Creatures
  Sigmund (D:2)
  2 ogres
  A necrophage (D:5)
  A centaur (D:5)
  A scorpion (D:5)
  A howler monkey (D:5)
  A crimson imp (D:5)
  An orc priest (D:6)
  A hound (D:4)
  A bullfrog skeleton (D:4)
  A hound zombie (D:5)
  A howler monkey zombie (D:5)
  8 adders
  An ooze (D:3)
  An adder skeleton (D:4)
  2 worms
  2 dart slugs
  2 leopard geckos
  6 orcs
  4 ball pythons
  7 bats
  4 giant cockroaches
  7 goblins
  2 hobgoblins
  8 kobolds
  3 quokkas
  6 frilled lizards
  3 rats
79 creatures vanquished.

Notes
Turn   | Place    | Note
-------+----------+-------------------------------------------
     0 | D:1      | FishyPogo the Naga Fire Elementalist began the quest for
                  | the Orb.
     0 | D:1      | Reached XP level 1. HP: 15/15 MP: 3/3
    72 | D:1      | Reached XP level 2. HP: 19/22 MP: 1/5
   104 | D:1      | Learned a level 2 spell: Throw Flame
   231 | D:1      | Reached XP level 3. HP: 28/28 MP: 3/6
   951 | D:2      | Found an opulent altar of Gozag.
   971 | D:2      | Noticed Sigmund
  1116 | D:2      | Found Gozag's Platinum Reserve.
  1197 | D:2      | Reached XP level 4. HP: 36/36 MP: 5/7
  1506 | D:2      | Killed Sigmund
  1506 | D:2      | Reached skill level 4 in Fire Magic
  1506 | D:2      | Reached XP level 5. HP: 29/42 MP: 5/9
  1506 | D:2      | Reached XP level 6. HP: 34/49 MP: 5/10
  1550 | D:2      | Learned a level 3 spell: Conjure Flame
  1577 | D:2      | Found a sparkling altar of Nemelex Xobeh.
  2355 | D:4      | Found Wozu's Jewellery Shoppe.
  2464 | D:4      | Reached skill level 5 in Fire Magic
  2678 | D:4      | Found an ancient bone altar of Kikubaaqudgha.
  2706 | D:4      | Found an opulent altar of Gozag.
  2706 | D:4      | Found a white marble altar of Elyvilon.
  2707 | D:4      | Found a burning altar of Makhleb.
  2715 | D:4      | Became a worshipper of Makhleb the Destroyer
  2943 | D:4      | Found a bloodstained altar of Trog.
  2998 | D:5      | Entered Level 5 of the Dungeon
  3005 | D:5      | Reached XP level 7. HP: 53/55 MP: 11/11
  3388 | D:5      | Found a staircase to the Ecumenical Temple.
  3679 | D:5      | Reached skill level 5 in Conjurations
  3691 | D:5      | Found a blossoming altar of Fedhas.
  3725 | D:5      | Reached XP level 8. HP: 61/61 MP: 13/13
  4165 | D:6      | Learned a level 1 spell: Magic Dart
  4187 | D:6      | Reached skill level 6 in Fire Magic
  4198 | D:6      | HP: 1/61 [orc warrior/+4 mace (6)]
  4201 | D:6      | Slain by an orc warrior

Skill      XL: |  1  2  3  4  5  6  7  8 |
---------------+-------------------------+-----
Dodging        | 2 3 |  3.3
Conjurations   | 2 3 5 |  5.1
Fire Magic     | 4 5 6 |  6.0
Spellcasting   | 3 |  3.6
Stealth        | |  3.0

Action                   |  1- 3 |  4- 6 |  7- 9 || total
-------------------------+-------+-------+-------++-------
Melee: Short sword       |    10 |       |       ||    10
       Dagger            |       |    35 |    74 ||   109
Throw: Stone             |     5 |       |       ||     5
 Cast: Flame Tongue      |    19 |    39 |    24 ||    82
       Throw Flame       |     6 |     3 |       ||     9
       Magic Dart        |       |       |     1 ||     1
 Abil: Spit Poison       |    22 |    20 |    16 ||    58
  Use: Potion            |       |       |     2 ||     2
 Stab: Sleeping          |     3 |     5 |       ||     8
  Eat: Chunk             |     2 |     7 |     1 ||    10
       Ration            |       |       |     1 ||     1
Armor: Robe              |     7 |    20 |    19 ||    46
Dodge: Dodged            |    13 |    33 |    36 ||    82
